Canucks vs Blues

Created - 21 mars 2019 at 22:22

Goals
1 2 3 OT1 T
Canucks 2 1 0 0 3
Blues 0 1 2 1 4
Shots
1 2 3 OT1 T
Canucks 19 12 4 6 41
Blues 12 8 11 4 35

1st period

1. Canucks , Mike Hoffman 20 (Charlie Coyle 22) at 5:39 (PP)
2. Canucks , Brayden Point 31 (Brandon Montour 22) at 14:26

Penalties :
Gustav Nyquist (STL) for Roughing (Minor) at 3:56, Johnny Boychuk (STL) for Hooking (Minor) at 6:36

2nd period

3. Blues , Radek Faksa 13 (Johnny Boychuk 13) at 9:23 (PP)
4. Canucks , Mike Hoffman 21 (Tyson Barrie 36, Erik Karlsson 44) at 18:35

Penalties :
Vince Dunn (VAN) for Hooking (Minor) at 9:16, Jordie Benn (STL) for Holding (Minor) at 14:40

3rd period

5. Blues , Kevan Miller 2 (Radek Faksa 12) at 2:14 (PP)
6. Blues , Adam Henrique 18 (Pierre-Edouard Bellemare 6, Nathan Beaulieu 8) at 13:36

Penalties :
Vince Dunn (VAN) for Hooking (Minor) at 0:46, Chris Wagner (STL) for Interference (Minor) at 14:57

Overtime #1

7. Blues , Gustav Nyquist 15 (Johnny Boychuk 14, Radek Faksa 13) at 3:16

Penalties :
No Penalty

Goalie Stats

Petr Mrazek (VAN), 31 saves from 35 shots - (0.886), OTL, 4-3-1, 63:17 minutes
Jimmy Howard (STL), 38 saves from 41 shots - (0.927), W, 5-9-1, 63:17 minutes

Players Stats for Canucks

Player Name              G  A  P  +/- PIM S  H  SB GA TA FO     MP     PP MP  PK MP  
------------------------------------------------------------------------------------
Aaron Ekblad             0  0  0  -1  0   0  2  0  0  0  0/0    18:33   0:00   0:49 
Alex Pietrangelo         0  0  0  -1  0   2  1  1  0  0  0/0    24:13   3:13   1:12 
Anthony Beauvillier      0  0  0   0  0   0  0  0  0  0  0/0    13:01   0:28   0:33 
Blake Coleman            0  0  0   0  0   1  1  0  0  0  4/13   13:30   0:28   1:02 
Bobby Ryan               0  0  0   0  0   1  0  0  0  0  0/1    12:00   0:00   0:00 
Brandon Montour          0  1  1   1  0   0  2  0  0  0  0/0    14:16   0:00   1:02 
Brayden Point            1  0  1   0  0   8  0  0  0  0  14/28  22:53   4:27   0:00 
Charlie Coyle            0  1  1   0  0   4  0  1  0  0  3/6    19:37   3:41   0:00 
Chris Kreider            0  0  0   0  0   3  2  0  0  0  0/1    19:55   3:31   0:00 
Danton Heinen            0  0  0   0  0   1  0  0  0  0  0/3    10:23   3:41   0:00 
Erik Karlsson            0  1  1   0  0   2  1  3  0  0  0/0    26:45   4:27   0:00 
Evgeny Kuznetsov         0  0  0   0  0   2  0  0  0  0  14/26  20:25   3:31   0:00 
Jared McCann             0  0  0   0  0   1  0  0  0  0  3/5     7:15   0:00   0:33 
Mike Hoffman             2  0  2   0  0   9  2  0  0  0  1/1    22:07   3:41   0:00 
Tom Wilson               0  0  0   0  0   1  2  0  0  0  0/2     7:44   0:00   1:02 
Tyson Barrie             0  1  1   1  0   2  2  1  0  0  0/0    21:49   3:13   0:07 
Vince Dunn               0  0  0   1  4   1  0  0  0  0  0/0    13:12   0:00   0:00 
William Karlsson         0  0  0   1  0   3  1  0  0  0  3/3    20:36   3:59   0:00 

Players Stats for Blues

Player Name              G  A  P  +/- PIM S  H  SB GA TA FO     MP     PP MP  PK MP  
------------------------------------------------------------------------------------
Adam Henrique            1  0  1   0  0   3  1  0  0  0  4/6    20:26   0:44   1:36 
Anthony Duclair          0  0  0   0  0   3  0  0  0  0  0/0     7:25   0:00   1:46 
Chris Wagner             0  0  0   0  2   2  1  0  0  0  1/3    17:24   0:44   0:00 
Colin Wilson             0  0  0   1  0   2  0  0  0  0  0/0    14:30   0:00   2:30 
Derrick Pouliot          0  0  0  -1  0   0  0  1  0  0  0/0    17:59   0:44   3:17 
Greg Pateryn             0  0  0   0  0   0  4  0  0  0  0/0     7:31   0:00   0:00 
Gustav Nyquist           1  0  1  -1  2   6  0  0  0  0  0/5    22:09   0:51   3:12 
Johnny Boychuk           0  2  2   0  2   1  3  3  0  0  0/0    23:41   0:51   2:55 
Jordie Benn              0  0  0   1  2   0  1  0  0  0  0/0    11:34   0:00   0:00 
Kevan Miller             1  0  1  -1  0   2  2  1  0  0  0/0    23:57   0:51   4:23 
Kris Versteeg            0  0  0   0  0   4  0  0  0  0  0/0    17:10   0:44   0:00 
Mike Fisher              0  0  0   0  0   4  2  0  0  0  15/25  18:44   0:00   1:04 
Mikkel Boedker           0  0  0  -2  0   1  1  0  0  0  1/1    21:07   0:51   2:42 
Nathan Beaulieu          0  1  1   1  0   1  2  0  0  0  0/0    13:03   0:00   1:28 
Pierre-Edouard Bellemare 0  1  1   1  0   1  0  0  0  0  13/27  17:39   0:00   2:30 
Radek Faksa              1  2  3   0  0   5  0  0  0  0  13/22  22:18   0:51   0:00 
Thomas Hickey            0  0  0  -1  0   0  1  1  0  0  0/0    17:59   0:44   3:17 
Tobias Enstrom           0  0  0   0  0   0  0  0  0  0  0/0     7:31   0:00   0:00 

3 Stars

1 - Mike Hoffman (VAN)
2 - Radek Faksa (STL)
3 - Adam Henrique (STL)

Power Play

Canucks - 1 on 4 Attempt(s) - 25.00%
Blues - 2 on 2 Attempt(s) - 100.00%

Penalty Kill

Canucks - 0 on 2 Attempt(s) - 0.00% - Score 0 goal in Penalty Kill
Blues - 3 on 4 Attempt(s) - 75.00% - Score 0 goal in Penalty Kill

Team Stat

Canucks - Hits : 16 - Faceoff Wins : 42 - Blocked Shots : 6 - Penalty Minutes : 4
Blues - Hits : 18 - Faceoff Wins : 47 - Blocked Shots : 6 - Penalty Minutes : 8

Official

Referees : Dean Morton and Brad Meier
Linesman : Shane Heyer and Lonnie Cameron

Game Notes

No Game Note

Finance

Level 1 -- Attendance: 6443 (99.12%) -- Ticket Income 650 743 $
Level 2 -- Attendance: 3785 (75.70%) -- Ticket Income 321 725 $
Level 3 -- Attendance: 3164 (90.40%) -- Ticket Income 189 840 $
Level 4 -- Attendance: 1986 (63.05%) -- Ticket Income 89 370 $
Luxury Box -- Attendance: 1000 (100.00%) -- Ticket Income 200 000 $
Game was played at the Scottrade Center.
Total Attendance: 16378 (85.52%)
Total Ticket Income: 1 451 678 $
Other Income: 711 322 $
Total Income: 2 163 000 $

% Time on Ice - Canucks

Lines # - Real PCT - Wanted PCT - Time Play
Normal Forward
1 - 32% - 33% - 16:07
2 - 31% - 33% - 15:56
3 - 24% - 22% - 12:00
4 - 13% - 12% - 6:42
Normal Defense
1 - 35% - 35% - 17:44
2 - 35% - 35% - 17:43
3 - 26% - 21% - 13:14
4 - 4% - 9% - 2:04
PP Forward
1 - 52% - 60% - 3:59
2 - 48% - 40% - 3:41
PP Defense
1 - 58% - 60% - 4:27
2 - 42% - 40% - 3:13
PK Forward
1 - 65% - 60% - 1:02
2 - 35% - 40% - 0:33
PK Defense
1 - 35% - 60% - 0:33
2 - 65% - 40% - 1:02
PK3 Forward
1 - 0% - 50%
2 - 0% - 50%
PK3 Defense
1 - 0% - 50%
2 - 0% - 50%
44 Forward
1 - 0% - 50%
2 - 0% - 50%
44 Defense
1 - 0% - 60%
2 - 0% - 40%
Last Minute Offensive  - 0:00
Last Minute Defensive  - 0:00
Total
Forward - 60:00
Defense - 60:00

% Time on Ice - Blues

Lines # - Real PCT - Wanted PCT - Time Play
Normal Forward
1 - 33% - 40% - 16:40
2 - 32% - 30% - 16:26
3 - 24% - 20% - 12:00
4 - 11% - 10% - 5:39
Normal Defense
1 - 35% - 40% - 17:41
2 - 28% - 30% - 13:58
3 - 23% - 20% - 11:35
4 - 15% - 10% - 7:31
PP Forward
1 - 54% - 60% - 0:51
2 - 46% - 40% - 0:44
PP Defense
1 - 54% - 60% - 0:51
2 - 46% - 40% - 0:44
PK Forward
1 - 51% - 60% - 3:54
2 - 49% - 40% - 3:46
PK Defense
1 - 57% - 60% - 4:23
2 - 43% - 40% - 3:17
PK3 Forward
1 - 0% - 60%
2 - 0% - 40%
PK3 Defense
1 - 0% - 60%
2 - 0% - 40%
44 Forward
1 - 0% - 60%
2 - 0% - 40%
44 Defense
1 - 0% - 60%
2 - 0% - 40%
Last Minute Offensive  - 0:00
Last Minute Defensive  - 0:00
Total
Forward - 60:00
Defense - 60:00

Play-by-Play

1st period


0:01 of 1st period - Brayden Point wins face-off versus Radek Faksa in neutral zone.
0:40 of 1st period - Shot by Radek Faksa.
0:40 of 1st period - Shot Misses the Net.
1:02 of 1st period - Icing by Erik Karlsson.
1:03 of 1st period - Charlie Coyle wins face-off versus Pierre-Edouard Bellemare in Canucks zone.
1:03 of 1st period - Erik Karlsson is hit by Adam Henrique and loses puck.
1:11 of 1st period - Pierre-Edouard Bellemare is hit by Erik Karlsson and loses puck.
1:23 of 1st period - Pierre-Edouard Bellemare is hit by Tyson Barrie and loses puck.
1:30 of 1st period - Shot by Adam Henrique.
1:30 of 1st period - Stopped by Petr Mrazek without a rebound.
1:31 of 1st period - Mike Fisher wins face-off versus Blake Coleman in Canucks zone.
1:32 of 1st period - Shot by Derrick Pouliot.
1:32 of 1st period - Shot Misses the Net.
2:27 of 1st period - Shot by Anthony Duclair.
2:27 of 1st period - Stopped by Petr Mrazek with a rebound.
2:29 of 1st period - Shot by Greg Pateryn.
2:29 of 1st period - Deflect By Adam Henrique.
2:29 of 1st period - Shot Misses the Net.
2:36 of 1st period - Shot by Adam Henrique.
2:36 of 1st period - Shot Misses the Net.
2:38 of 1st period - Shot by Anthony Duclair.
2:38 of 1st period - Stopped by Petr Mrazek without a rebound.
2:39 of 1st period - Radek Faksa wins face-off versus Jared McCann in Canucks zone.
2:46 of 1st period - Icing by Erik Karlsson.
2:47 of 1st period - Jared McCann wins face-off versus Pierre-Edouard Bellemare in Canucks zone.
3:22 of 1st period - Icing by Adam Henrique.
3:23 of 1st period - Evgeny Kuznetsov wins face-off versus Pierre-Edouard Bellemare in Blues zone.
3:32 of 1st period - Shot by Chris Kreider.
3:32 of 1st period - Shot Misses the Net.
3:54 of 1st period - Alex Pietrangelo is hit by Mikkel Boedker and loses puck.
3:56 of 1st period - Minor Penalty to Gustav Nyquist for Roughing.
3:57 of 1st period - Pierre-Edouard Bellemare wins face-off versus Charlie Coyle in Blues zone.
4:24 of 1st period - Shot by Brayden Point.
4:24 of 1st period - Stopped by Jimmy Howard with a rebound.
4:26 of 1st period - Shot by Charlie Coyle.
4:26 of 1st period - Stopped by Jimmy Howard without a rebound.
4:27 of 1st period - William Karlsson wins face-off versus Pierre-Edouard Bellemare in Blues zone.
4:28 of 1st period - Shot by Tyson Barrie.
4:28 of 1st period - Stopped by Jimmy Howard with a rebound.
4:30 of 1st period - Shot by Chris Kreider.
4:30 of 1st period - Shot Misses the Net.
4:32 of 1st period - Shot by William Karlsson.
4:32 of 1st period - Stopped by Jimmy Howard without a rebound.
4:33 of 1st period - Adam Henrique wins face-off versus Chris Kreider in Blues zone.
4:42 of 1st period - Shot by Tyson Barrie.
4:42 of 1st period - Shot Misses the Net.
4:44 of 1st period - Shot by Tyson Barrie.
4:44 of 1st period - Shot Misses the Net.
4:46 of 1st period - Shot by Chris Kreider.
4:46 of 1st period - Stopped by Jimmy Howard without a rebound.
4:47 of 1st period - Pierre-Edouard Bellemare wins face-off versus Evgeny Kuznetsov in Blues zone.
5:09 of 1st period - Icing by Brayden Point.
5:10 of 1st period - Evgeny Kuznetsov wins face-off versus Adam Henrique in Canucks zone.
5:21 of 1st period - Shot by Brayden Point.
5:21 of 1st period - Shot Misses the Net.
5:23 of 1st period - Shot by Brayden Point.
5:23 of 1st period - Shot Misses the Net.
5:25 of 1st period - Shot by Erik Karlsson.
5:25 of 1st period - Stopped by Jimmy Howard without a rebound.
5:26 of 1st period - Pierre-Edouard Bellemare wins face-off versus Danton Heinen in Blues zone.
5:37 of 1st period - Shot by Alex Pietrangelo.
5:37 of 1st period - Stopped by Jimmy Howard without a rebound.
5:38 of 1st period - Charlie Coyle wins face-off versus Pierre-Edouard Bellemare in Blues zone.
5:39 of 1st period - Shot by Mike Hoffman.
5:39 of 1st period - Goal by Mike Hoffman - Canucks : 1 - Blues : 0.
5:40 of 1st period - Brayden Point wins face-off versus Radek Faksa in neutral zone.
6:05 of 1st period - Shot by Mike Hoffman.
6:05 of 1st period - Shot Misses the Net.
6:07 of 1st period - Shot by Brayden Point.
6:07 of 1st period - Stopped by Jimmy Howard without a rebound.
6:08 of 1st period - Evgeny Kuznetsov wins face-off versus Mike Fisher in Blues zone.
6:26 of 1st period - Chris Kreider is hit by Johnny Boychuk and loses puck.
6:36 of 1st period - Minor Penalty to Johnny Boychuk for Hooking.
6:37 of 1st period - Pierre-Edouard Bellemare wins face-off versus Charlie Coyle in Blues zone.
6:43 of 1st period - Icing by Erik Karlsson.
6:44 of 1st period - Pierre-Edouard Bellemare wins face-off versus Charlie Coyle in Canucks zone.
7:05 of 1st period - Shot by Danton Heinen.
7:05 of 1st period - Stopped by Jimmy Howard with a rebound.
7:11 of 1st period - Shot by Brayden Point.
7:11 of 1st period - Shot Misses the Net.
7:13 of 1st period - Shot by Charlie Coyle.
7:13 of 1st period - Stopped by Jimmy Howard without a rebound.
7:14 of 1st period - Evgeny Kuznetsov wins face-off versus Gustav Nyquist in Blues zone.
8:38 of 1st period - Shot by Vince Dunn.
8:38 of 1st period - Stopped by Jimmy Howard without a rebound.
8:39 of 1st period - Blake Coleman wins face-off versus Mike Fisher in Blues zone.
8:56 of 1st period - Shot by Mike Fisher.
8:56 of 1st period - Stopped by Petr Mrazek without a rebound.
8:57 of 1st period - Radek Faksa wins face-off versus Danton Heinen in Canucks zone.
8:57 of 1st period - Anthony Duclair is hit by Aaron Ekblad and loses puck.
9:10 of 1st period - Shot by Aaron Ekblad.
9:10 of 1st period - Shot Misses the Net.
9:14 of 1st period - Shot by Aaron Ekblad.
9:14 of 1st period - Deflect By Danton Heinen.
9:14 of 1st period - Shot Misses the Net.
9:16 of 1st period - Shot by Alex Pietrangelo.
9:16 of 1st period - Shot Misses the Net.
9:34 of 1st period - Shot by Anthony Duclair.
9:34 of 1st period - Shot Misses the Net.
10:15 of 1st period - Shot by Mike Hoffman.
10:15 of 1st period - Stopped by Jimmy Howard without a rebound.
10:16 of 1st period - Pierre-Edouard Bellemare wins face-off versus Evgeny Kuznetsov in Blues zone.
10:16 of 1st period - Pierre-Edouard Bellemare is hit by Chris Kreider.
10:21 of 1st period - Icing by Colin Wilson.
10:22 of 1st period - Evgeny Kuznetsov wins face-off versus Pierre-Edouard Bellemare in Blues zone.
10:36 of 1st period - Charlie Coyle is hit by Kevan Miller and loses puck.
11:37 of 1st period - Shot by Mikkel Boedker.
11:37 of 1st period - Shot Blocked by Erik Karlsson.
11:50 of 1st period - Off-side.
11:51 of 1st period - Mike Fisher wins face-off versus Brayden Point in neutral zone.
12:04 of 1st period - Shot by Kris Versteeg.
12:04 of 1st period - Shot Misses the Net.
12:06 of 1st period - Shot by Chris Wagner.
12:06 of 1st period - Stopped by Petr Mrazek without a rebound.
12:07 of 1st period - Pierre-Edouard Bellemare wins face-off versus Bobby Ryan in Canucks zone.
12:32 of 1st period - Shot by Colin Wilson.
12:32 of 1st period - Stopped by Petr Mrazek without a rebound.
12:33 of 1st period - Radek Faksa wins face-off versus Brayden Point in Canucks zone.
12:36 of 1st period - Shot by Gustav Nyquist.
12:36 of 1st period - Stopped by Petr Mrazek without a rebound.
12:37 of 1st period - Radek Faksa wins face-off versus Brayden Point in Canucks zone.
12:53 of 1st period - Brayden Point is hit by Nathan Beaulieu and loses puck.
12:58 of 1st period - Shot by Brayden Point.
12:58 of 1st period - Stopped by Jimmy Howard without a rebound.
12:59 of 1st period - Blake Coleman wins face-off versus Mike Fisher in Blues zone.
12:59 of 1st period - Blake Coleman is hit by Johnny Boychuk.
13:01 of 1st period - Shot by Anthony Beauvillier.
13:01 of 1st period - Deflect By Bobby Ryan.
13:01 of 1st period - Stopped by Jimmy Howard without a rebound.
13:02 of 1st period - Blake Coleman wins face-off versus Mike Fisher in Blues zone.
14:00 of 1st period - Shot by Mike Hoffman.
14:00 of 1st period - Stopped by Jimmy Howard without a rebound.
14:01 of 1st period - Brayden Point wins face-off versus Radek Faksa in Blues zone.
14:26 of 1st period - Shot by Brayden Point.
14:26 of 1st period - Goal by Brayden Point - Canucks : 2 - Blues : 0.
14:27 of 1st period - Pierre-Edouard Bellemare wins face-off versus Evgeny Kuznetsov in neutral zone.
14:30 of 1st period - Shot by Colin Wilson.
14:30 of 1st period - Stopped by Petr Mrazek without a rebound.
14:31 of 1st period - Pierre-Edouard Bellemare wins face-off versus Evgeny Kuznetsov in Canucks zone.
14:58 of 1st period - Icing by Charlie Coyle.
14:59 of 1st period - Evgeny Kuznetsov wins face-off versus Radek Faksa in Canucks zone.
15:19 of 1st period - Radek Faksa is hit by Aaron Ekblad and loses puck.
15:55 of 1st period - Shot by Kris Versteeg.
15:55 of 1st period - Deflect By Chris Wagner.
15:55 of 1st period - Stopped by Petr Mrazek without a rebound.
15:56 of 1st period - Brayden Point wins face-off versus Pierre-Edouard Bellemare in Canucks zone.
16:21 of 1st period - Shot by Pierre-Edouard Bellemare.
16:21 of 1st period - Stopped by Petr Mrazek without a rebound.
16:22 of 1st period - Chris Wagner wins face-off versus Blake Coleman in Canucks zone.
17:32 of 1st period - Shot by William Karlsson.
17:32 of 1st period - Stopped by Jimmy Howard without a rebound.
17:33 of 1st period - Pierre-Edouard Bellemare wins face-off versus Jared McCann in Blues zone.
17:37 of 1st period - Jordie Benn is hit by Tom Wilson and loses puck.
17:50 of 1st period - Shot by Jared McCann.
17:50 of 1st period - Stopped by Jimmy Howard without a rebound.
17:51 of 1st period - Brayden Point wins face-off versus Radek Faksa in Blues zone.
17:51 of 1st period - Brayden Point is hit by Greg Pateryn.
17:58 of 1st period - Off-side.
17:59 of 1st period - William Karlsson wins face-off versus Mike Fisher in neutral zone.
18:37 of 1st period - Shot by Kris Versteeg.
18:37 of 1st period - Stopped by Petr Mrazek without a rebound.
18:38 of 1st period - Evgeny Kuznetsov wins face-off versus Radek Faksa in Canucks zone.
18:51 of 1st period - Shot by Evgeny Kuznetsov.
18:51 of 1st period - Shot Misses the Net.
19:38 of 1st period - Shot by Adam Henrique.
19:38 of 1st period - Stopped by Petr Mrazek with a rebound.
19:45 of 1st period - Off-side.
19:46 of 1st period - Brayden Point wins face-off versus Mike Fisher in neutral zone.
Goals for this period are 2 for Canucks vs 0 for Blues.
Shots for this period are 19 for Canucks vs 12 for Blues.

2nd period


0:01 of 2nd period - Radek Faksa wins face-off versus Brayden Point in neutral zone.
0:20 of 2nd period - Shot by Gustav Nyquist.
0:20 of 2nd period - Shot Misses the Net.
0:22 of 2nd period - Shot by Radek Faksa.
0:22 of 2nd period - Shot Blocked by Erik Karlsson.
0:24 of 2nd period - Shot by Radek Faksa.
0:24 of 2nd period - Shot Blocked by Erik Karlsson.
0:26 of 2nd period - Shot by Radek Faksa.
0:26 of 2nd period - Deflect By Gustav Nyquist.
0:26 of 2nd period - Stopped by Petr Mrazek without a rebound.
0:27 of 2nd period - Mike Fisher wins face-off versus Evgeny Kuznetsov in Canucks zone.
0:40 of 2nd period - Shot by Charlie Coyle.
0:40 of 2nd period - Stopped by Jimmy Howard with a rebound.
1:02 of 2nd period - Shot by Mike Fisher.
1:02 of 2nd period - Shot Misses the Net.
1:04 of 2nd period - Shot by Mike Fisher.
1:04 of 2nd period - Stopped by Petr Mrazek with a rebound.
1:45 of 2nd period - Shot by Brayden Point.
1:45 of 2nd period - Stopped by Jimmy Howard without a rebound.
1:46 of 2nd period - Radek Faksa wins face-off versus Blake Coleman in Blues zone.
2:08 of 2nd period - Radek Faksa is hit by Brandon Montour and loses puck.
2:30 of 2nd period - Off-side.
2:31 of 2nd period - Mike Hoffman wins face-off versus Mike Fisher in neutral zone.
2:36 of 2nd period - Icing by Mike Fisher.
2:37 of 2nd period - Brayden Point wins face-off versus Chris Wagner in Blues zone.
3:08 of 2nd period - Tyson Barrie is hit by Mike Fisher and loses puck.
3:32 of 2nd period - Off-side.
3:33 of 2nd period - Radek Faksa wins face-off versus Evgeny Kuznetsov in neutral zone.
3:38 of 2nd period - Shot by Mikkel Boedker.
3:38 of 2nd period - Stopped by Petr Mrazek with a rebound.
3:41 of 2nd period - Icing by Alex Pietrangelo.
3:42 of 2nd period - Evgeny Kuznetsov wins face-off versus Radek Faksa in Canucks zone.
3:50 of 2nd period - Off-side.
3:51 of 2nd period - Adam Henrique wins face-off versus Tom Wilson in neutral zone.
4:14 of 2nd period - Shot by Anthony Duclair.
4:14 of 2nd period - Stopped by Petr Mrazek with a rebound.
4:31 of 2nd period - Danton Heinen is hit by Thomas Hickey and loses puck.
6:36 of 2nd period - Anthony Beauvillier is hit by Johnny Boychuk and loses puck.
6:52 of 2nd period - Off-side.
6:53 of 2nd period - Radek Faksa wins face-off versus Tom Wilson in neutral zone.
6:56 of 2nd period - Shot by Gustav Nyquist.
6:56 of 2nd period - Deflect By Mikkel Boedker.
6:56 of 2nd period - Shot Blocked by Tyson Barrie.
7:17 of 2nd period - Shot by Tom Wilson.
7:17 of 2nd period - Shot Misses the Net.
9:16 of 2nd period - Minor Penalty to Vince Dunn for Hooking.
9:17 of 2nd period - Radek Faksa wins face-off versus Blake Coleman in Canucks zone.
9:17 of 2nd period - Radek Faksa is hit by Tyson Barrie.
9:21 of 2nd period - Shot by Radek Faksa.
9:21 of 2nd period - Shot Misses the Net.
9:23 of 2nd period - Shot by Radek Faksa.
9:23 of 2nd period - Goal by Radek Faksa - Canucks : 2 - Blues : 1.
9:24 of 2nd period - Mike Fisher wins face-off versus Blake Coleman in neutral zone.
10:28 of 2nd period - Shot by Radek Faksa.
10:28 of 2nd period - Stopped by Petr Mrazek without a rebound.
10:29 of 2nd period - William Karlsson wins face-off versus Pierre-Edouard Bellemare in Canucks zone.
10:34 of 2nd period - Shot by Mike Hoffman.
10:34 of 2nd period - Stopped by Jimmy Howard without a rebound.
10:35 of 2nd period - Brayden Point wins face-off versus Pierre-Edouard Bellemare in Blues zone.
10:42 of 2nd period - Shot by Brayden Point.
10:42 of 2nd period - Stopped by Jimmy Howard with a rebound.
10:44 of 2nd period - Shot by Alex Pietrangelo.
10:44 of 2nd period - Shot Blocked by Derrick Pouliot.
10:59 of 2nd period - Off-side.
11:00 of 2nd period - Radek Faksa wins face-off versus Evgeny Kuznetsov in neutral zone.
11:02 of 2nd period - Mikkel Boedker is hit by Brandon Montour and loses puck.
11:07 of 2nd period - Shot by Mikkel Boedker.
11:07 of 2nd period - Shot Misses the Net.
11:17 of 2nd period - Shot by Mikkel Boedker.
11:17 of 2nd period - Shot Misses the Net.
11:19 of 2nd period - Shot by Johnny Boychuk.
11:19 of 2nd period - Stopped by Petr Mrazek with a rebound.
11:38 of 2nd period - Shot by Gustav Nyquist.
11:38 of 2nd period - Stopped by Petr Mrazek without a rebound.
11:39 of 2nd period - Mike Fisher wins face-off versus Brayden Point in Canucks zone.
11:41 of 2nd period - Kris Versteeg is hit by Alex Pietrangelo and loses puck.
11:58 of 2nd period - Shot by William Karlsson.
11:58 of 2nd period - Shot Blocked by Thomas Hickey.
12:00 of 2nd period - Shot by Brayden Point.
12:00 of 2nd period - Shot Misses the Net.
12:02 of 2nd period - Shot by Mike Hoffman.
12:02 of 2nd period - Stopped by Jimmy Howard without a rebound.
12:03 of 2nd period - Blake Coleman wins face-off versus Pierre-Edouard Bellemare in Blues zone.
12:29 of 2nd period - Anthony Beauvillier is hit by Nathan Beaulieu and loses puck.
13:05 of 2nd period - Mike Hoffman is hit by Jordie Benn and loses puck.
13:51 of 2nd period - Shot by Evgeny Kuznetsov.
13:51 of 2nd period - Shot Misses the Net.
13:57 of 2nd period - Shot by Charlie Coyle.
13:57 of 2nd period - Shot Misses the Net.
13:59 of 2nd period - Shot by Charlie Coyle.
13:59 of 2nd period - Stopped by Jimmy Howard with a rebound.
14:40 of 2nd period - Minor Penalty to Jordie Benn for Holding.
14:41 of 2nd period - Evgeny Kuznetsov wins face-off versus Gustav Nyquist in Blues zone.
15:50 of 2nd period - Shot by Brayden Point.
15:50 of 2nd period - Stopped by Jimmy Howard with a rebound.
15:52 of 2nd period - Shot by Erik Karlsson.
15:52 of 2nd period - Stopped by Jimmy Howard with a rebound.
16:16 of 2nd period - Shot by Tyson Barrie.
16:16 of 2nd period - Stopped by Jimmy Howard with a rebound.
16:18 of 2nd period - Shot by Tyson Barrie.
16:18 of 2nd period - Shot Blocked by Kevan Miller.
16:22 of 2nd period - Shot by William Karlsson.
16:22 of 2nd period - Shot Misses the Net.
16:24 of 2nd period - Shot by Anthony Beauvillier.
16:24 of 2nd period - Shot Misses the Net.
16:26 of 2nd period - Shot by Alex Pietrangelo.
16:26 of 2nd period - Stopped by Jimmy Howard without a rebound.
16:27 of 2nd period - Charlie Coyle wins face-off versus Gustav Nyquist in Blues zone.
16:45 of 2nd period - Bobby Ryan is hit by Greg Pateryn and loses puck.
17:54 of 2nd period - Shot by Tom Wilson.
17:54 of 2nd period - Stopped by Jimmy Howard without a rebound.
17:55 of 2nd period - Mike Fisher wins face-off versus Brayden Point in Blues zone.
18:08 of 2nd period - Icing by Tyson Barrie.
18:09 of 2nd period - Brayden Point wins face-off versus Adam Henrique in Canucks zone.
18:25 of 2nd period - Shot by Brayden Point.
18:25 of 2nd period - Shot Misses the Net.
18:35 of 2nd period - Shot by Mike Hoffman.
18:35 of 2nd period - Goal by Mike Hoffman - Canucks : 3 - Blues : 1.
18:36 of 2nd period - Mike Fisher wins face-off versus Evgeny Kuznetsov in neutral zone.
18:59 of 2nd period - Shot by Derrick Pouliot.
18:59 of 2nd period - Shot Misses the Net.
Goals for this period are 1 for Canucks vs 1 for Blues.
Shots for this period are 12 for Canucks vs 8 for Blues.

3rd period


0:01 of 3rd period - Brayden Point wins face-off versus Radek Faksa in neutral zone.
0:04 of 3rd period - Radek Faksa is hit by William Karlsson and loses puck.
0:17 of 3rd period - Shot by Gustav Nyquist.
0:17 of 3rd period - Stopped by Petr Mrazek without a rebound.
0:18 of 3rd period - Evgeny Kuznetsov wins face-off versus Chris Wagner in Canucks zone.
0:18 of 3rd period - Evgeny Kuznetsov is hit by Chris Wagner.
0:46 of 3rd period - Minor Penalty to Vince Dunn for Hooking.
0:47 of 3rd period - Radek Faksa wins face-off versus Blake Coleman in Canucks zone.
1:19 of 3rd period - Shot by Kevan Miller.
1:19 of 3rd period - Stopped by Petr Mrazek without a rebound.
1:20 of 3rd period - Adam Henrique wins face-off versus Blake Coleman in Canucks zone.
2:14 of 3rd period - Shot by Kevan Miller.
2:14 of 3rd period - Goal by Kevan Miller - Canucks : 3 - Blues : 2.
2:15 of 3rd period - Brayden Point wins face-off versus Gustav Nyquist in neutral zone.
2:29 of 3rd period - Shot by Gustav Nyquist.
2:29 of 3rd period - Shot Misses the Net.
2:46 of 3rd period - Shot by Nathan Beaulieu.
2:46 of 3rd period - Stopped by Petr Mrazek without a rebound.
2:47 of 3rd period - Evgeny Kuznetsov wins face-off versus Pierre-Edouard Bellemare in Canucks zone.
2:49 of 3rd period - Icing by Aaron Ekblad.
2:50 of 3rd period - Pierre-Edouard Bellemare wins face-off versus Evgeny Kuznetsov in Canucks zone.
3:03 of 3rd period - Shot by Evgeny Kuznetsov.
3:03 of 3rd period - Stopped by Jimmy Howard with a rebound.
4:18 of 3rd period - Shot by Gustav Nyquist.
4:18 of 3rd period - Stopped by Petr Mrazek with a rebound.
5:20 of 3rd period - Anthony Beauvillier is hit by Mike Fisher and loses puck.
5:48 of 3rd period - Evgeny Kuznetsov is hit by Greg Pateryn.
6:14 of 3rd period - Shot by Chris Kreider.
6:14 of 3rd period - Stopped by Jimmy Howard without a rebound.
6:15 of 3rd period - Jared McCann wins face-off versus Mike Fisher in Blues zone.
6:26 of 3rd period - Shot by Kris Versteeg.
6:26 of 3rd period - Stopped by Petr Mrazek with a rebound.
6:28 of 3rd period - Shot by Mike Fisher.
6:28 of 3rd period - Shot Misses the Net.
6:33 of 3rd period - Icing by Aaron Ekblad.
6:34 of 3rd period - Jared McCann wins face-off versus Pierre-Edouard Bellemare in Canucks zone.
6:34 of 3rd period - Jared McCann is hit by Kevan Miller.
6:51 of 3rd period - Shot by Pierre-Edouard Bellemare.
6:51 of 3rd period - Shot Misses the Net.
7:01 of 3rd period - Johnny Boychuk is hit by Tom Wilson and loses puck.
7:43 of 3rd period - Shot by Chris Kreider.
7:43 of 3rd period - Shot Misses the Net.
7:45 of 3rd period - Shot by Erik Karlsson.
7:45 of 3rd period - Shot Misses the Net.
7:47 of 3rd period - Shot by Tyson Barrie.
7:47 of 3rd period - Shot Blocked by Johnny Boychuk.
7:49 of 3rd period - Shot by Charlie Coyle.
7:49 of 3rd period - Shot Misses the Net.
8:37 of 3rd period - Shot by Kris Versteeg.
8:37 of 3rd period - Deflect By Mike Fisher.
8:37 of 3rd period - Stopped by Petr Mrazek without a rebound.
8:38 of 3rd period - Adam Henrique wins face-off versus Blake Coleman in Canucks zone.
8:45 of 3rd period - Shot by Adam Henrique.
8:45 of 3rd period - Shot Misses the Net.
9:10 of 3rd period - Shot by Blake Coleman.
9:10 of 3rd period - Stopped by Jimmy Howard without a rebound.
9:11 of 3rd period - Mike Fisher wins face-off versus Brayden Point in Blues zone.
9:31 of 3rd period - Shot by Kris Versteeg.
9:31 of 3rd period - Stopped by Petr Mrazek with a rebound.
10:27 of 3rd period - Off-side.
10:28 of 3rd period - Pierre-Edouard Bellemare wins face-off versus Evgeny Kuznetsov in neutral zone.
12:07 of 3rd period - Chris Wagner is hit by Blake Coleman and loses puck.
12:22 of 3rd period - Shot by Kris Versteeg.
12:22 of 3rd period - Shot Blocked by Alex Pietrangelo.
12:41 of 3rd period - Icing by Derrick Pouliot.
12:42 of 3rd period - Mike Fisher wins face-off versus Brayden Point in Blues zone.
13:36 of 3rd period - Shot by Adam Henrique.
13:36 of 3rd period - Goal by Adam Henrique - Canucks : 3 - Blues : 3.
13:37 of 3rd period - Radek Faksa wins face-off versus Evgeny Kuznetsov in neutral zone.
13:46 of 3rd period - Shot by Radek Faksa.
13:46 of 3rd period - Stopped by Petr Mrazek without a rebound.
13:47 of 3rd period - Mikkel Boedker wins face-off versus Blake Coleman in Canucks zone.
14:43 of 3rd period - Icing by Erik Karlsson.
14:44 of 3rd period - Mike Fisher wins face-off versus Evgeny Kuznetsov in Canucks zone.
14:47 of 3rd period - Shot by Chris Wagner.
14:47 of 3rd period - Shot Blocked by Charlie Coyle.
14:49 of 3rd period - Shot by Mike Fisher.
14:49 of 3rd period - Deflect By Kris Versteeg.
14:49 of 3rd period - Stopped by Petr Mrazek without a rebound.
14:50 of 3rd period - Mike Fisher wins face-off versus Brayden Point in Canucks zone.
14:57 of 3rd period - Minor Penalty to Chris Wagner for Interference.
14:58 of 3rd period - Evgeny Kuznetsov wins face-off versus Pierre-Edouard Bellemare in Blues zone.
16:44 of 3rd period - Thomas Hickey is hit by Chris Kreider and loses puck.
16:53 of 3rd period - Shot by Chris Kreider.
16:53 of 3rd period - Stopped by Jimmy Howard without a rebound.
16:54 of 3rd period - Pierre-Edouard Bellemare wins face-off versus Danton Heinen in Blues zone.
19:02 of 3rd period - Gustav Nyquist is hit by Mike Hoffman and loses puck.
19:42 of 3rd period - Charlie Coyle is hit by Greg Pateryn and loses puck.
Goals for this period are 0 for Canucks vs 2 for Blues.
Shots for this period are 4 for Canucks vs 11 for Blues.

Overtime #1


0:01 of 1st overtime period - Mike Fisher wins face-off versus Brayden Point in neutral zone.
0:11 of 1st overtime period - Shot by Mike Fisher.
0:11 of 1st overtime period - Stopped by Petr Mrazek with a rebound.
1:16 of 1st overtime period - Shot by Evgeny Kuznetsov.
1:16 of 1st overtime period - Stopped by Jimmy Howard without a rebound.
1:17 of 1st overtime period - Evgeny Kuznetsov wins face-off versus Gustav Nyquist in Blues zone.
1:34 of 1st overtime period - Icing by William Karlsson.
1:35 of 1st overtime period - Evgeny Kuznetsov wins face-off versus Pierre-Edouard Bellemare in Canucks zone.
1:46 of 1st overtime period - Shot by William Karlsson.
1:46 of 1st overtime period - Stopped by Jimmy Howard without a rebound.
1:47 of 1st overtime period - Brayden Point wins face-off versus Radek Faksa in Blues zone.
2:02 of 1st overtime period - Shot by Brayden Point.
2:02 of 1st overtime period - Shot Blocked by Johnny Boychuk.
2:04 of 1st overtime period - Shot by Mike Hoffman.
2:04 of 1st overtime period - Stopped by Jimmy Howard without a rebound.
2:05 of 1st overtime period - Brayden Point wins face-off versus Mike Fisher in Blues zone.
2:12 of 1st overtime period - Shot by Mike Hoffman.
2:12 of 1st overtime period - Stopped by Jimmy Howard without a rebound.
2:13 of 1st overtime period - Brayden Point wins face-off versus Mike Fisher in Blues zone.
2:22 of 1st overtime period - Shot by Mike Hoffman.
2:22 of 1st overtime period - Shot Blocked by Johnny Boychuk.
2:24 of 1st overtime period - Shot by Mike Hoffman.
2:24 of 1st overtime period - Stopped by Jimmy Howard without a rebound.
2:25 of 1st overtime period - Mike Fisher wins face-off versus Brayden Point in Blues zone.
2:31 of 1st overtime period - Shot by Mike Fisher.
2:31 of 1st overtime period - Shot Misses the Net.
2:33 of 1st overtime period - Shot by Radek Faksa.
2:33 of 1st overtime period - Stopped by Petr Mrazek without a rebound.
2:34 of 1st overtime period - Mike Fisher wins face-off versus Brayden Point in Canucks zone.
2:45 of 1st overtime period - Shot by Mike Fisher.
2:45 of 1st overtime period - Deflect By Radek Faksa.
2:45 of 1st overtime period - Stopped by Petr Mrazek without a rebound.
2:46 of 1st overtime period - Mike Fisher wins face-off versus Brayden Point in Canucks zone.
2:59 of 1st overtime period - Shot by Brayden Point.
2:59 of 1st overtime period - Stopped by Jimmy Howard without a rebound.
3:00 of 1st overtime period - Radek Faksa wins face-off versus Brayden Point in Blues zone.
3:00 of 1st overtime period - Radek Faksa is hit by Mike Hoffman.
3:16 of 1st overtime period - Shot by Gustav Nyquist.
3:16 of 1st overtime period - Goal by Gustav Nyquist - Canucks : 3 - Blues : 4.
Goals for this period are 0 for Canucks vs 1 for Blues.
Shots for this period are 6 for Canucks vs 4 for Blues.